cohdb
Replays
Latest Replays
All Replays
Popular Replays
Top Player Replays
Match Explorer
How It Works
Community
CoH3 Stats
Reddit
Sign in to upload your games and track your stats! →
Sign in with Steam
Match 40991508
Unlisted
Match 40991508
Overview
Messages
Build Orders
End
Panzergrenadier Squad
Selects Panzerjäger Kommand Battlegroup
Panzergrenadier Squad
Selects Mine Fields
Construct Light Support Kompanie
Construct Mechanized Kompanie
Veteran Squad Leaders
Support Armor Elements
Panzerjäger Mechanized Group
StuG III D Assault Gun
Vehicle Survival Package
Selects Defensive Positions
Selects Tank Busters
Selects Crew Shock Tactics
Panzerjäger Squad
Emergency Repair Kits
Advanced Field Repairs
Selects Butterfly Bomb Drop
Construct Panzerarmee Kommand
Rapid Advance
Fol20
Gigatard CF worst OKW in history
Mystery
MonoChrome
0
0
Comments
sign in to comment!
No comments posted yet!